 Dungeon Crawl Stone Soup version 0.20.0-6-gd3061e9 (webtiles) character file.

4534 MTVSty1e the Fighter (level 10, -8/97 HPs)
             Began as a Black Draconian Transmuter on May 28, 2017.
             Was an Initiate of Makhleb.
             Shot with a bolt by an orc warrior (37 damage)
             ... in a bailey.
             The game lasted 00:19:13 (8820 turns).

MTVSty1e the Fighter (Black Draconian Transmuter)   Turns: 8820, Time: 00:19:14

Health: -8/97      AC:  9    Str: 16    XL:     10   Next: 17%
Magic:  13/13      EV: 11    Int: 14    God:    Makhleb [......]
Gold:   473        SH: 10    Dex: 11    Spells: 5/13 levels left

rFire    . . .     SeeInvis .   x - +8 trident of the Octopus King {venom, rElec rPois MR+}
rCold    . . .     Gourm    .   F - +1 shield
rNeg     . . .     Faith    .   (armour unavailable)
rPois    +         Spirit   .   (helmet restricted)
rElec    +         Reflect  .   (no cloak)
rCorr    .         Harm     +   G - +0 pair of gloves
MR       ++...                  v - +0 pair of boots
Stlth    +.........             k - amulet of harm
Regen    0.3/turn               m - +4 ring of slaying
MPRegen  0.2/turn               q - ring of protection from magic

@: short of breath
A: breathe lightning, unfitting armour, electricity resistance, cold-blooded, AC
+7
a: Breathe Lightning, Renounce Religion


You were in a bailey.
You worshipped Makhleb.
Makhleb was noncommittal.
You were not hungry.

You visited 2 branches of the dungeon, and saw 10 of its levels.
You also visited: Bailey.

You collected 473 gold pieces.

Inventory:

Hand Weapons
 x - the +8 trident of the Octopus King (weapon) {venom, rElec rPois MR+}
   (You found it on level 4 of the Dungeon)

   It poisons the flesh of those it strikes.
   It insulates you from electricity.
   It protects you from poison.
   It affects your resistance to hostile enchantments.
Missiles
 a - 87 arrows
Armour
 v - a +0 pair of boots (worn)
 F - a +1 shield (worn)
 G - a +0 pair of gloves (worn)
Jewellery
 k - an amulet of harm (around neck)
 m - a +4 ring of slaying (left hand)
 q - a ring of protection from magic (right hand)
Wands
 E - a wand of flame (16/48)
 H - a wand of confusion (30/48)
Scrolls
 d - 11 scrolls of identify {unknown}
 h - 2 scrolls of immolation
 i - 4 scrolls of teleportation
 j - 7 scrolls of remove curse
 p - 4 scrolls of amnesia
 y - 2 scrolls of random uselessness
 z - 2 scrolls of magic mapping
 A - a scroll of fear {unknown}
Potions
 e - a potion of mutation {unknown}
 l - 2 potions of lignification
 n - a potion of ambrosia {unknown}
 o - 2 potions of might
 r - 5 potions of curing
 s - 6 potions of heal wounds {unknown}
 t - a potion of berserk rage {unknown}
 u - 3 potions of magic {unknown}
 C - 2 potions of degeneration {unknown}
 D - 2 potions of flight {unknown}
Books
 b - a book of Changes

   Spells                             Type                      Level
   a - Beastly Appendage              Transmutation                1
   b - Sticks to Snakes               Transmutation                2
   c - Spider Form                    Transmutation/Poison         3
   d - Ice Form                       Ice/Transmutation            4
   e - Blade Hands                    Transmutation                5
Comestibles
 f - 6 meat rations
 g - 6 royal jellies
 B - 7 fruits


   Skills:
 * Level 12.0 Fighting
   Level 0.4 Short Blades
 + Level 6.2 Polearms
 + Level 4.3 Dodging
 + Level 4.2 Shields
 - Level 5.0 Unarmed Combat
 - Level 2.0 Spellcasting
 - Level 2.0 Transmutations


You had 5 spell levels left.
You knew the following spells:

 Your Spells              Type           Power        Failure   Level  Hunger
a - Beastly Appendage     Tmut           #.....       38%         1    ##.....
b - Sticks to Snakes      Tmut           #.......     54%         2    ###....
c - Blade Hands           Tmut           #.........   100%        5    ######.


Dungeon Overview and Level Annotations

Branches:
Dungeon (9/15)             Temple (1/1) D:7            Lair (0/6) D:9
    Orc: D:9-12

Altars:
Ashenzari
Cheibriados
Dithmenos
Elyvilon
Fedhas
Gozag
Hepliaklqana
Makhleb
Nemelex Xobeh
Okawaru
Qazlal
Ru
Sif Muna
Trog
Uskayaw
Vehumet
Xom
Yredelemnul
Zin
The Shining One


Innate Abilities, Weirdness & Mutations

You can breathe wild blasts of lightning.
Your glossy black scales are hard. (AC +7)
You cannot fit into any form of body armour.
You are resistant to electric shocks. (rElec)
You are cold-blooded and may be slowed by cold attacks.


Message History

You see here 6 bolts.
There is a gate leading back out of this place here.
You start resting.
An orc warrior comes into view. It is wielding an arbalest.
An orc warrior is nearby!
An orc warrior is nearby!
An orc warrior is nearby!
The orc warrior shoots a bolt.
The bolt hits you.
An orc warrior comes into view. It is wielding an arbalest.
There is an empty arch of ancient stone here.
You see here a bolt.
The orc warrior shoots a bolt.
The bolt hits you!
There is a gate leading back out of this place, spattered with blood here.
You see here a bolt.
The orc warrior shoots a bolt.
The bolt hits you!
The orc warrior shoots a bolt.
The bolt closely misses you.
The orc warrior shoots a bolt.
The bolt hits you!
* * * LOW HITPOINT WARNING * * *
The orc warrior shoots a bolt.
The bolt hits you!!
You die...

### ###### ##@##
##.....##.((# ..
#..≈≈≈..#((.#..≈≈
#.≈≈o≈≈..(....≈≈o≈
+.≈.oo≈(......≈ooo
#.≈≈)≈≈.......≈≈o≈
#..≈≈≈..#...#..≈≈≈
##...o.##...##..o.
###### ##∩## ####


You could see 2 orc warriors.

Vanquished Creatures
  2 two-headed ogres (D:8)
  Psyche (D:9)
  Prince Ribbit (D:8)
  Eustachio (D:4)
  A wyvern (D:8)
  Sigmund (D:2)
  The ghost of MDvedh the Chopper, an amateur HOWr (D:4)
  An orc warrior (Bailey)
  A phantom (D:8)
  An ice beast (D:6)
  2 black bears
  2 ogres
  A crocodile (D:7)
  A big kobold (D:8)
  2 gnoll sergeants (D:6)
  3 bullfrogs
  2 scorpions
  A wyvern skeleton (D:7)
  2 howler monkeys
  A centaur zombie (D:6)
  A crimson imp (D:7)
  A bullfrog zombie (D:6)
  3 hounds
  2 jellies
  An orc priest (D:9)
  2 orc wizards
  2 iguanas (D:4)
  5 worker ants
  10 gnolls (D:6)
  12 adders
  A shadow imp (D:9)
  2 oozes
  An adder zombie (D:8)
  2 adder skeletons
  3 worms
  A dart slug (D:1)
  5 leopard geckos
  25 orcs
  A ball python (D:3)
  8 bats
  6 giant cockroaches
  8 goblins
  5 hobgoblins
  16 jackals
  8 quokkas
  6 frilled lizards
  3 kobolds
  A leopard gecko skeleton (D:6)
  A leopard gecko zombie (D:7)
  8 rats
  A spectral orc (D:8)
179 creatures vanquished.

Notes
Turn   | Place    | Note
-------+----------+-------------------------------------------
     0 | D:1      | MTVSty1e the Draconian Transmuter began the quest for the Orb.
     0 | D:1      | Reached XP level 1. HP: 16/16 MP: 3/3
   104 | D:1      | Reached skill level 2 in Fighting
   113 | D:1      | Reached XP level 2. HP: 17/24 MP: 5/5
   955 | D:1      | Reached XP level 3. HP: 30/30 MP: 6/6
  1277 | D:2      | Learned a level 2 spell: Sticks to Snakes
  1287 | D:2      | Reached skill level 3 in Fighting
  1480 | D:2      | Found a stormy altar of Qazlal.
  1615 | D:2      | Reached XP level 4. HP: 40/40 MP: 5/7
  1736 | D:2      | Noticed Sigmund
  1743 | D:2      | Killed Sigmund
  1743 | D:2      | Reached skill level 5 in Fighting
  1743 | D:2      | Reached XP level 5. HP: 35/48 MP: 5/8
  1787 | D:2      | Learned a level 5 spell: Blade Hands
  2384 | D:3      | Found a bloodstained altar of Trog.
  2499 | D:3      | Reached XP level 6. HP: 54/56 MP: 9/9
  3187 | D:4      | Reached skill level 6 in Fighting
  3641 | D:4      | Reached skill level 5 in Unarmed Combat
  3688 | D:4      | Your scales start taking on a glossy black colour.
  3688 | D:4      | Reached XP level 7. HP: 30/64 MP: 10/10
  3688 | D:4      | Gained mutation: You are resistant to electric shocks. (rElec) [Black Draconian growth]
  4257 | D:4      | Reached skill level 7 in Fighting
  4257 | D:4      | Reached skill level 1 in Polearms
  4419 | D:4      | Noticed MDvedh's ghost (amateur HOWr)
  4423 | D:4      | Killed MDvedh's ghost
  4549 | D:4      | Noticed Eustachio
  4564 | D:4      | Killed Eustachio
  4564 | D:4      | Reached skill level 8 in Fighting
  4883 | D:5      | Entered Level 5 of the Dungeon
  4902 | D:5      | Found an opulent altar of Gozag.
  5073 | D:5      | Reached XP level 8. HP: 75/75 MP: 11/11
  5216 | D:5      | Found a sparkling altar of Nemelex Xobeh.
  5972 | D:6      | Reached skill level 9 in Fighting
  6418 | D:6      | Reached skill level 10 in Fighting
  7103 | D:7      | Found a sacrificial altar of Ru.
  7227 | D:7      | Reached skill level 1 in Shields
  7256 | D:7      | Found a staircase to the Ecumenical Temple.
  7285 | Temple   | Entered the Ecumenical Temple
  7490 | D:7      | Reached XP level 9. HP: 85/86 MP: 12/12
  7677 | D:8      | Found a shimmering altar of Xom.
  7765 | D:8      | Noticed a two-headed ogre
  7786 | D:8      | Killed a two-headed ogre
  7786 | D:8      | Reached skill level 11 in Fighting
  7786 | D:8      | Reached skill level 5 in Polearms
  7973 | D:8      | Noticed a two-headed ogre
  7974 | D:8      | Noticed Prince Ribbit
  7984 | D:8      | Killed a two-headed ogre
  7988 | D:8      | Killed Prince Ribbit
  7988 | D:8      | Reached XP level 10. HP: 78/97 MP: 13/13
  8401 | D:8      | Found a basalt altar of Yredelemnul.
  8453 | D:9      | Noticed Psyche
  8458 | D:9      | Killed Psyche
  8486 | D:9      | Found a flagged portal.
  8494 | D:9      | Reached skill level 12 in Fighting
  8509 | D:9      | Found a burning altar of Makhleb.
  8517 | D:9      | Became a worshipper of Makhleb the Destroyer
  8533 | Bailey   | Entered a bailey
  8533 | Bailey   | Noticed an orc knight
  8820 | Bailey   | Shot with a bolt by an orc warrior

Skill      XL: |  1  2  3  4  5  6  7  8  9 10 |
---------------+-------------------------------+-----
Fighting       | 2 3 5 6 8 10 11 12 | 12.0
Unarmed Combat | 4 5 |  5.0
Polearms       | 3 4 5 6 |  6.2
Dodging        | 2 4 |  4.3
Shields        | 1 3 4 |  4.2
Short Blades   | |  0.4
Spellcasting   | |  2.0
Transmutations | |  2.0

Action                   |  1- 3 |  4- 6 |  7- 9 | 10-12 || total
-------------------------+-------+-------+-------+-------++-------
Melee: Unarmed           |    61 |   131 |     5 |       ||   197
       Tailslap          |    16 |    14 |    13 |     2 ||    45
       Dagger            |    71 |       |       |       ||    71
       Headbutt          |     1 |     1 |     3 |       ||     5
       Kick              |     1 |     2 |       |       ||     3
       Punch             |       |     5 |     2 |       ||     7
       Trident           |       |       |   153 |    33 ||   186
 Cast: Beastly Appendage |     7 |     7 |     2 |       ||    16
 Abil: Breathe Lightning |       |       |     2 |     1 ||     3
Evoke: Wand              |       |       |     3 |       ||     3
  Use: Scroll            |       |       |     3 |     5 ||     8
       Potion            |       |       |     3 |       ||     3
 Stab: Sleeping          |       |       |       |     1 ||     1
  Eat: Bread ration      |     1 |     1 |     3 |       ||     5
       Meat ration       |       |       |     1 |       ||     1
Armor: Skin              |    36 |    37 |    38 |     1 ||   112
Dodge: Dodged            |    87 |    68 |    50 |    10 ||   215
Block: Shield            |       |       |    18 |    11 ||    29
